 Dungeon Crawl Stone Soup version 0.16.1-12-gf5c4a84 (webtiles) character file.

1617 Thalios the Fighter (level 8, -3/57 HPs)
             Began as a Gargoyle Fighter on Apr 9, 2015.
             Was a Believer of Qazlal.
             Slain by a killer bee (6 damage)
             ... on level 6 of the Dungeon.
             The game lasted 00:19:30 (5804 turns).

Thalios the Fighter (Gargoyle Fighter)              Turns: 5804, Time: 00:19:30

Health: -3/57      AC: 19    Str: 26    XL:     8   Next: 96%
Magic:  8/8        EV:  6    Int:  9    God:    Qazlal [**....]
Gold:   233        SH: 12    Dex: 10    Spells: 0 memorised, 7 levels left

rFire  . . .     SeeInvis .     y - +2 flail (protect)
rCold  . . .     Clarity  .     p - +0 chain mail (curse)
rNeg   + . .     SustAb   .     c - +0 shield
rPois  ∞         Gourm    .     (no helmet)
rElec  +         Spirit   .     (no cloak)
rCorr  .         Warding  .     (no gloves)
rMut   .         Stasis   .     (no boots)
MR     .....                    (no amulet)
Stlth  ..........               (no ring)
                                (no ring)

@: mighty, not resistant to hostile enchantments, extremely unstealthy
A: negative energy resistance 1, electricity resistance, unbreathing,
petrification resistance, rot immunity, AC +5
a: Upheaval, Renounce Religion


You were on level 6 of the Dungeon.
You worshipped Qazlal.
Qazlal was pleased with you.
You were hungry.

You visited 1 branch of the dungeon, and saw 6 of its levels.

You collected 233 gold pieces.

Inventory:

Hand weapons
 y - a +2 flail of protection (weapon)
Missiles
 g - 81 stones
 l - 54 bolts
 q - 12 tomahawks (quivered)
 s - 2 javelins
 u - 15 poisoned bolts
Armour
 c - a +0 shield (worn)
 p - a cursed +0 chain mail (worn)
Magical devices
 n - a wand of magic darts (13)
 B - a wand of paralysis (14)
 D - a wand of random effects (20)
Scrolls
 a - a scroll of magic mapping {unknown}
 b - 4 scrolls of fear {unknown}
 h - 3 scrolls of remove curse {unknown}
 j - 3 scrolls of identify {unknown}
 m - 2 scrolls of fog {unknown}
 r - 2 scrolls of teleportation {unknown}
 t - a scroll of blinking {unknown}
 x - a scroll of immolation {unknown}
 z - a scroll of noise {unknown}
 E - a scroll of enchant weapon {unknown}
Potions
 e - 2 potions of might
 f - a potion of curing {unknown}
 k - a potion of cure mutation {unknown}
 o - a potion of brilliance {unknown}
 w - 2 potions of poison {unknown}
Comestibles
 d - 4 bread rations
 v - a slice of pizza
 A - 2 beef jerkies
 C - 2 meat rations
 F - a chunk of flesh


   Skills:
 - Level 10.2 Fighting
 * Level 6.7 Maces & Flails
 - Level 3.2 Armour
 - Level 3.2 Shields


You had 7 spell levels left.
You didn't know any spells.

Dungeon Overview and Level Annotations

Branches:
Dungeon (6/15)             Temple (0/1) D:4

Altars:
Dithmenos
Qazlal
Xom
Yredelemnul


Innate Abilities, Weirdness & Mutations

You are resistant to torment.
You are immune to poison.
Your stone body is very resilient (AC +5).
You resist negative energy.
You are resistant to electric shocks.
You can survive without breathing.
You are immune to petrification.
You are immune to rotting.


Message History

You block the killer bee's attack. The kobold barely misses you.
You miss the killer bee.
The killer bee is heavily wounded.
The killer bee stings you but does no damage.
The killer bee stings you.
* * * LOW HITPOINT WARNING * * *
The kobold is engulfed in freezing vapours.
You kill the kobold!
Qazlal accepts your kill.
Your shield and chain mail prevent you from hitting the killer bee.
The killer bee is heavily wounded.
The killer bee barely misses you. You block the killer bee's attack.
You closely miss the killer bee.
The killer bee is heavily wounded.
The killer bee completely misses you. The killer bee barely misses you.
The killer bee stings you but does no damage.
You hit the killer bee.
The killer bee is heavily wounded.
The killer bee stings you.
You die...

#...###...........# #
#.#. #...# #...#.......#
#.#.
######...#######......##
###.#. .............#
#...)..# #....#
.......#.....# #..###.
#.#... ......#.....#
#..## # #.##.#
......#.....# #y.K# .#
#....# ......#.....#
#y#.# .# ..###### ####
#.....# #@#.##.##...
#.....###.§o........
#..............####
#.....(((((.().#
#...........#..#
#..........##..#
#..........# ....
#......?....'.>...
#..........##......


You could see 2 killer bees and an orc.

Vanquished Creatures
  Grinder (D:3)
  A black bear (D:6)
  A sky beast (D:6)
  3 centaurs
  A giant frog (D:3)
  4 scorpions
  3 killer bees (D:6)
  A crimson imp (D:6)
  A hound (D:5)
  2 giant frog skeletons
  3 orc priests
  An iguana (D:4)
  2 worker ants
  2 orc wizards
  A sky beast zombie (D:6)
  Jessica (D:2)
  Terence (D:2)
  2 adders
  3 shadow imps (D:6)
  2 giant mites
  3 worms
  An adder zombie (D:6)
  5 giant geckos
  An ooze (D:4)
  16 orcs
  5 giant cockroaches
  12 goblins
  3 hobgoblins
  A quokka (D:2)
  3 ball pythons
  10 bats
  9 giant newts
  11 jackals
  A jackal skeleton (D:2)
  13 kobolds
  A quokka skeleton (D:5)
  17 rats
  A spectral orc (D:2)
149 creatures vanquished.

Vanquished Creatures (others)
  A goblin (D:2)
1 creature vanquished.

Grand Total: 150 creatures vanquished

Notes
Turn   | Place    | Note
--------------------------------------------------------------
     0 | D:1      | Thalios, the Gargoyle Fighter, began the quest for the Orb.
     0 | D:1      | Reached XP level 1. HP: 14/14 MP: 1/1
   209 | D:1      | Reached XP level 2. HP: 17/20 MP: 2/2
   355 | D:1      | Reached skill level 4 in Fighting
   558 | D:1      | Reached XP level 3. HP: 24/24 MP: 3/3
  1039 | D:2      | Noticed Terence
  1055 | D:2      | Killed Terence
  1055 | D:2      | Reached skill level 5 in Fighting
  1350 | D:2      | Reached XP level 4. HP: 22/31 MP: 4/4
  1498 | D:2      | Noticed Jessica
  1502 | D:2      | Killed Jessica
  1864 | D:2      | Found a stormy altar of Qazlal.
  1871 | D:2      | Became a worshipper of Qazlal Stormbringer
  2202 | D:2      | Found a basalt altar of Yredelemnul.
  2226 | D:2      | Reached skill level 6 in Fighting
  2477 | D:3      | Reached XP level 5. HP: 34/36 MP: 5/5
  2494 | D:3      | Noticed Grinder
  2508 | D:3      | Killed Grinder
  2508 | D:3      | Reached skill level 7 in Fighting
  2508 | D:3      | Reached XP level 6. HP: 23/44 MP: 6/6
  2927 | D:3      | Acquired Qazlal's first power
  2975 | D:3      | Reached skill level 8 in Fighting
  3138 | D:3      | Noticed a giant frog
  3142 | D:3      | Killed a giant frog
  3142 | D:3      | Reached XP level 7. HP: 48/50 MP: 7/7
  3455 | D:4      | Found a staircase to the Ecumenical Temple.
  3552 | D:4      | Found a shadowy altar of Dithmenos.
  3969 | D:4      | Reached skill level 9 in Fighting
  4738 | D:5      | Entered Level 5 of the Dungeon
  5012 | D:5      | Found a shimmering altar of Xom.
  5095 | D:5      | Reached skill level 10 in Fighting
  5095 | D:5      | Reached XP level 8. HP: 51/57 MP: 8/8
  5587 | D:6      | Acquired Qazlal's second power
  5672 | D:6      | Reached skill level 5 in Maces & Flails
  5801 | D:6      | HP: 2/57 [killer bee (2)]
  5804 | D:6      | Slain by a killer bee

Action                   |  1- 3 |  4- 6 |  7- 9 || total
-------------------------+-------+-------+-------++-------
Melee: Flail             |   157 |   139 |   297 ||   593
Throw: Tomahawk          |       |     3 |       ||     3
  Use: Potion            |       |       |     3 ||     3
  Eat: Chunk             |     2 |     5 |     9 ||    16
